 Dungeon Crawl Stone Soup version 0.28.0-1-gb440e238dd (webtiles) character file.

Game seed: 17798136449233008581

216 issech the Cudgeller (level 5, -1/52 HPs)
             Began as a Troll Monk on Feb 23, 2022.
             Killed by divine providence
             ... invoked by an orc priest
              (13 damage)
             ... on level 3 of the Dungeon on Feb 24, 2022.
             The game lasted 00:07:04 (2547 turns).

issech the Cudgeller (Troll Monk)                   Turns: 2547, Time: 00:07:05

Health: -1/52      AC:  4    Str: 19    XL:     5   Next: 61%
Magic:  4/4        EV: 11    Int:  6    God:
Gold:   97         SH:  0    Dex: 14    Spells: 4/4 levels left

rFire   . . .      SeeInvis .   a - +0 mace
rCold   + . .      Faith    .   (no shield)
rNeg    . . .      Spirit   .   b - +0 robe
rPois   .          Reflect  .   (helmet restricted)
rElec   .          Harm     .   (no cloak)
rCorr   .          Rampage  .   (gloves unavailable)
Will    .....                   (boots unavailable)
Stlth   ++........              (no amulet)
HPRegen 0.97/turn               l - ring of protection from cold
MPRegen 0.09/turn               (no ring)

@: no status effects
A: large, unfitting armour, claws 3, regeneration 1, shaggy fur 1, tough skin 1
a: no special abilities


You were on level 3 of the Dungeon.
You visited 1 branch of the dungeon, and saw 3 of its levels.

You collected 97 gold pieces.

Inventory:

Hand Weapons
 a - a +0 mace (weapon)
 h - a +2 dagger of freezing
 o - a +2 short sword of electrocution
Missiles
 c - 33 stones (quivered)
 e - 51 arrows
 g - 3 poisoned darts
 p - 3 boomerangs
Armour
 b - a +0 robe (worn)
Jewellery
 l - a ring of protection from cold (left claw)
Wands
 n - a wand of iceblast (2)
 q - a wand of polymorph (11)
Scrolls
 d - a scroll of fog
 f - a scroll of fear
 i - a scroll of immolation {unknown}
 j - 2 scrolls of teleportation
 m - a scroll of enchant armour {unknown}
Potions
 k - a potion of attraction {unknown}


   Skills:
 + Level 2.9 Fighting
 + Level 4.4 Maces & Flails
 + Level 3.5 Dodging
 + Level 1.3 Stealth


You had 4 spell levels left.
You didn't know any spells.
Your spell library was empty.

Dungeon Overview and Level Annotations

Branches:
Dungeon (3/15)

Altars:


Innate Abilities, Weirdness & Mutations

You are too large for most types of armour.
You have claws for hands.
Your natural rate of healing is unusually fast.
You are covered in fur. (AC +1)
You have tough skin. (AC +1)


Message History

The orc hits you with a +2 vorpal hand axe!
* * * LOW HITPOINT WARNING * * *
x2 The orc priest begins to cast a cantrip, but forgets the words!
An orc priest comes into view. It is wielding a +0 hand axe.
The orc priest looks braver for a moment.
You see here a +0 whip.
Items here: )))) [[ †.
Welcome back, issech the Troll Monk.
Press ? for a list of commands and other information.
You barely miss the orc. The orc closely misses you.
Unknown command.
You hit the orc.
The orc is heavily wounded.
The orc hits you with a +2 vorpal hand axe.
You closely miss the orc.
The orc is heavily wounded.
The orc priest calls upon Beogh to heal the orc.
The orc's wounds heal themselves!
The orc hits you but does no damage.
You hit the orc.
The orc is moderately wounded.
The orc closely misses you.
Unknown command.
You sock the orc!
You kill the orc!
The orc priest invokes the aid of Beogh against you.
Beogh smites you!
You hit the orc priest.
The orc priest is lightly wounded.
The orc priest hits you but does no damage.
You sock the orc priest!
The orc priest is severely wounded.
The orc priest barely misses you.
You closely miss the orc priest.
The orc priest is severely wounded.
The orc priest invokes the aid of Beogh against you.
Beogh smites you!
* * * LOW HITPOINT WARNING * * *
The orc priest invokes the aid of Beogh against you.
Beogh smites you!
You die...

...# #.......#### .###
####.#### .. .# ##.## ##. .#
#...# ... .# #..^# .. .##
#...#### .##
..#######...##.## #####..##
...##..)......#.###.......##.
.............###@ooo...#.....
...##...†.....#.###.#.....#
..#######..>##.# #....#..#
...# #...#### #...## .# ##.#
#.).# #...##..# ##.# #...#
#oo.....# ##.# ##.##
##.###### ##.# #.# #o########
...#######.# #.#......#


You could see 2 orc priests and an orc.

Vanquished Creatures
  A jelly (D:3)
  An orc priest (D:3)
  An orc wizard (D:3)
  4 adders
  2 worms
  A dart slug (D:2)
  9 orcs (D:3)
  10 ball pythons
  2 bats (D:2)
  7 endoplasms
  5 giant cockroaches
  3 goblins
  5 hobgoblins (D:1)
  6 jackals
  7 kobolds
  2 quokkas (D:1)
  2 frilled lizards (D:1)
  4 rats (D:1)
72 creatures vanquished.

Notes
Turn   | Place    | Note
-------+----------+-------------------------------------------
     0 | D:1      | issech the Troll Monk began the quest for the Orb.
     0 | D:1      | Reached XP level 1. HP: 22/22 MP: 0/0
   268 | D:1      | Reached XP level 2. HP: 29/29 MP: 1/1
   443 | D:1      | Reached skill level 3 in Maces & Flails
   660 | D:1      | Reached XP level 3. HP: 35/36 MP: 2/2
   726 | D:1      | Found a faded altar of an unknown god.
  1696 | D:2      | Reached XP level 4. HP: 28/44 MP: 3/3
  2103 | D:3      | Reached skill level 4 in Maces & Flails
  2278 | D:3      | Reached XP level 5. HP: 51/52 MP: 4/4
  2547 | D:3      | Killed from afar by an orc priest

Illustrated notes

Levels and vault maps discovered:
D:1:      wander_arrival_chamber, layout_loops_corners,
          shapermc_ecumenical_altar_mp_urbaneastern
D:2:      kb_forest_paths, layout_loops_ring, corexii_hall_statues_t
D:3:      layout_loops_cross, mainiacjoe_overflow_chevrons, uniq_natasha,
          uniq_grinder

Skill      XL: |  1  2  3  4 |
---------------+-------------+-----
Maces & Flails | 3 4 |  4.4
Dodging        | 3 |  3.5
Fighting       | |  2.9
Stealth        | |  1.3

Action                   |  1- 3 |  4- 6 || total
-------------------------+-------+-------++-------
Melee: Mace              |   165 |   130 ||   295
       Punch             |     3 |       ||     3
  Use: Scroll            |       |     3 ||     3
 Stab: Sleeping          |     1 |     1 ||     2
Armor: Robe              |    66 |    39 ||   105
Dodge: Dodged            |   118 |    72 ||   190
